 Dungeon Crawl Stone Soup version 0.29.1-13-g9f3cf754e1 (webtiles) character file.

Game seed: 13888537210247706973

2144 booth the Cleaver (level 9, -10/97 HPs)
             Began as a Demonspawn Gladiator on Jan 19, 2023.
             Was an Elder of Okawaru.
             Mangled by a two-headed ogre
             ... wielding a +0 dire flail
              (16 damage)
             ... on level 6 of the Dungeon on Jan 20, 2023.
             The game lasted 00:42:11 (6493 turns).

booth the Cleaver (Demonspawn Gladiator)            Turns: 6493, Time: 00:42:11

Health: -10/97     AC: 24    Str: 19    XL:     9   Next: 9%
Magic:  8/9        EV:  2    Int:  9    God:    Okawaru [****..]
Gold:   246        SH:  0    Dex: 15    Spells: 8/8 levels left

rFire   . . .      SeeInvis .   q - +1 war axe (venom)
rCold   . . .      Faith    +   (no shield)
rNeg    . . .      Spirit   .   (body armour currently unavailable)
rPois   +          Reflect  .   (helmet currently unavailable)
rElec   .          Harm     .   (cloak currently unavailable)
rCorr   .          Rampage  .   (gloves currently unavailable)
Will    .....      NoTele   +   (boots currently unavailable)
Stlth   ++........              p - amulet of faith
HPRegen 0.26/turn               g - ring of poison resistance
MPRegen 0.22/turn               o - +4 ring of evasion

@: tree-form
A: stationary, stasis, torment immunity, boosted hp, (large bone plates 2),
powered by pain 1, magic regeneration
a: Renounce Religion, Heroism, Finesse


You were on level 6 of the Dungeon.
You worshipped Okawaru.
Okawaru was greatly pleased with you.
You were a tree.
You visited 1 branch of the dungeon, and saw 6 of its levels.

You collected 246 gold pieces.

Inventory:

Hand Weapons
 a - a +0 war axe
 i - a +0 mace
 q - a +1 war axe of venom (weapon)
 y - the +7 Singing Sword {vorpal, sonic wave}
   (You found it on level 4 of the Dungeon)

   It inflicts extra damage upon your enemies.
   It radiates damaging sonic waves as it strikes, especially in combat
   involving dangerous or numerous foes.
 C - the +7 quarterstaff of Ancient Evil {vorpal, SInv}
   (You found it on level 6 of the Dungeon)

   It inflicts extra damage upon your enemies.
   SInv:      It lets you see invisible.
Missiles
 d - a javelin
 r - 4 boomerangs (quivered)
 B - a throwing net
Armour
 c - a +0 helmet (melded)
 n - a +0 ring mail
 x - a +3 leather armour (melded)
Jewellery
 g - a ring of poison resistance (left branch)
 j - a ring of flight
 m - a ring of protection from fire
 o - a +4 ring of evasion (right branch)
 p - an amulet of faith (around neck)
Wands
 b - a wand of paralysis (7)
 A - a wand of mindburst (11)
Scrolls
 l - a scroll of noise {unknown}
 v - a scroll of poison {unknown}
 w - a scroll of fear {unknown}
Potions
 h - a potion of cancellation {unknown}
 s - 2 potions of attraction
 t - 2 potions of invisibility {unknown}
 u - 2 potions of resistance {unknown}
 z - 2 potions of flight {unknown}


   Skills:
 + Level 4.1 Fighting
 * Level 9.1 Axes
 + Level 2.4 Throwing
 + Level 2.9 Armour
 + Level 4.6 Dodging
 + Level 1.0 Stealth
 + Level 2.0 Shields


You had 8 spell levels left.
You didn't know any spells.
Your spell library contained the following spells:

 Spells                   Type           Power      Damage    Failure   Level
 Apportation              Tloc           0%         N/A       38%         1
 Necrotise                Necr           0%         1d4       38%         1
 Poisonous Vapours        Pois/Air       0%         N/A       52%         2
 Static Discharge         Conj/Air       0%         3-3/arc   52%         2
 Sublimation of Blood     Necr           0%         N/A       52%         2
 Gell's Gravitas          Tloc           0%         N/A       77%         3
 Lesser Beckoning         Tloc           0%         N/A       77%         3
 Stone Arrow              Conj/Erth      0%         3d7       77%         3
 Teleport Other           Tloc           0%         N/A       77%         3
 Vampiric Draining        Necr           0%         2d6       77%         3
 Anguish                  Hex/Necr       0%         N/A       99%         4
 Corpse Rot               Necr/Pois/Air  0%         N/A       99%         4
 Iskenderun's Mystic Bla  Conj/Tloc      0%         2d3       99%         4
 Petrify                  Tmut/Erth      0%         N/A       99%         4
 Agony                    Necr           0%         N/A       100%        5
 Irradiate                Conj/Tmut      0%         3d11      100%        5
 Lightning Bolt           Conj/Air       0%         1d11      100%        5
 Lehudib's Crystal Spear  Conj/Erth      0%         10d2      100%        8
 Maxwell's Capacitive Co  Air            0%         ∞         100%        8
 Animate Armour           Summ/Erth      Unusable   N/A       N/A         4

Dungeon Overview and Level Annotations

Branches:
Dungeon (6/15)             Temple (0/1) D:5

Altars:
Dithmenos
Okawaru
Xom


Innate Abilities, Weirdness & Mutations

You are a tree.
Your roots penetrate the ground, keeping you stationary.
You cannot be teleported.
You are immune to unholy pain and torment.
Your maximum health is greatly increased.
Your equipment is partially melded.
((You are mostly covered in large bone plates. (SH +6)))
You sometimes gain a little power by taking damage.
You regenerate magic rapidly.


Message History

The two-headed ogre misses you.
The two-headed ogre hits you with a +0 giant spiked club!!
You gain the combat prowess of a mighty hero.
The two-headed ogre closely misses you.
The two-headed ogre hits you with a +0 giant spiked club!
* * * LOW HITPOINT WARNING * * *
You slash the two-headed ogre! You punch the two-headed ogre.
The two-headed ogre is heavily wounded.
You barely miss the two-headed ogre.
The two-headed ogre is heavily wounded.
The two-headed ogre completely misses you.
The two-headed ogre misses you.
You can now deal lightning-fast blows.
You feel better.
You feel like a meek peon again. The two-headed ogre misses you.
The two-headed ogre barely misses you.
You hit the two-headed ogre.
The two-headed ogre is poisoned.
The two-headed ogre is heavily wounded.
You hit the two-headed ogre but do no damage.
The two-headed ogre looks as sick as possible!
The two-headed ogre is heavily wounded.
The two-headed ogre hits you but does no damage.
The two-headed ogre hits you with a +0 giant spiked club!
* * * LOW HITPOINT WARNING * * *
Your hands slow down.
As you read the scroll labelled QEPLIF SIAKK, it crumbles to dust.
It is a scroll of amnesia.
You feel forgetful for a moment.
Unknown command.
The two-headed ogre attacks as you move away!
The two-headed ogre hits you with a +0 dire flail!
* * * LOW HITPOINT WARNING * * *
You block the two-headed ogre's attack.
It was a potion of lignification.
You turn into a tree.
Your +0 helmet melds into your body.
Your +3 leather armour melds into your body.
Your roots penetrate the ground.
The two-headed ogre hits you but does no damage.
The two-headed ogre hits you with a +0 giant spiked club!
You die...

#.####..........
#.#####.###
#.#####.#### .
#...........
###. #.....#.#
#########...
####.##.#
#...J.....##
#[##.#####
#.#######...
#........# #.#
###.
...........###♣#
#.# #.
############ #O#
#.# ## #J# #J#
#.# #.# #.# #.#
#.#####.#
#...J...#
#########


You could see a two-headed ogre (very poisoned) and a jelly.

Vanquished Creatures
  Pikel (D:4)
  A steam dragon (D:4)
  Edmund (D:4)
  2 water moccasins
  A black bear (D:6)
  A sky beast (D:6)
  An ogre (D:4)
  A bullfrog (D:4)
  7 scorpions
  3 hounds
  2 orc priests (D:5)
  Ijyb (D:4)
  An iguana (D:5)
  Natasha (thrice) (D:2)
  2 orc wizards
  8 adders
  4 worms
  4 dart slugs
  11 orcs
  5 ball pythons
  11 bats
  6 endoplasms
  3 giant cockroaches
  7 goblins
  6 hobgoblins
  9 jackals
  4 quokkas
  2 frilled lizards
  4 kobolds
  10 rats
122 creatures vanquished.

Vanquished Creatures (others)
  6 fungi
  7 plants
13 creatures vanquished.

Grand Total: 135 creatures vanquished

Notes
Turn   | Place    | Note
-------+----------+-------------------------------------------
     0 | D:1      | booth the Demonspawn Gladiator began the quest for the Orb.
     0 | D:1      | Reached XP level 1. HP: 16/16 MP: 1/1
   110 | D:1      | Got the Tome of Hyperbolic Beguiling
   131 | D:1      | Gained mutation: You are partially covered in large bone
                  | plates. (SH +4) [demonic ancestry]
   131 | D:1      | Reached XP level 2. HP: 12/22 MP: 2/2
   136 | D:1      | Reached skill level 3 in Axes
   604 | D:1      | Gained mutation: You are mostly covered in large bone
                  | plates. (SH +6) [demonic ancestry]
   604 | D:1      | Reached XP level 3. HP: 27/27 MP: 3/3
  1235 | D:2      | Noticed Natasha
  1243 | D:2      | Killed Natasha
  1244 | D:2      | Reached skill level 4 in Axes
  1244 | D:2      | Reached XP level 4. HP: 20/33 MP: 4/4
  1273 | D:2      | Noticed Natasha
  1281 | D:2      | Killed Natasha
  1446 | D:2      | Found a shadowy altar of Dithmenos.
  1900 | D:2      | Noticed Natasha
  1917 | D:2      | Killed Natasha
  1918 | D:2      | Reached skill level 1 in Armour
  1918 | D:2      | Reached XP level 5. HP: 19/38 MP: 5/5
  2290 | D:2      | You fall into a shaft and drop 2 floors!
  2413 | D:2      | Found a faded altar of an unknown god.
  2426 | D:2      | Prayed at the altar of an unknown god.
  2426 | D:2      | Became a worshipper of Warmaster Okawaru
  2426 | D:2      | Reached * piety under Okawaru
  2931 | D:3      | Found a shimmering altar of Xom.
  3406 | D:4      | Noticed Edmund
  3408 | D:4      | Reached skill level 5 in Axes
  3408 | D:4      | Reached XP level 6. HP: 32/46 MP: 6/6
  3439 | D:5      | Entered Level 5 of the Dungeon
  3456 | D:5      | Noticed a water moccasin
  3470 | D:5      | HP: 1/46 [water moccasin (6)]
  3472 | D:5      | Killed a water moccasin
  3725 | D:5      | Found a staircase to the Ecumenical Temple.
  3850 | D:5      | Reached skill level 6 in Axes
  3862 | D:5      | Gained mutation: You regenerate magic rapidly. [demonic
                  | ancestry]
  3862 | D:5      | Reached XP level 7. HP: 51/51 MP: 7/7
  3881 | D:5      | Reached ** piety under Okawaru
  4614 | D:4      | Noticed a steam dragon
  4679 | D:4      | Killed a steam dragon
  4680 | D:4      | Reached skill level 1 in Shields
  4851 | D:4      | Reached skill level 7 in Axes
  5009 | D:4      | Gained mutation: You sometimes gain a little power by
                  | taking damage. [demonic ancestry]
  5009 | D:4      | Reached XP level 8. HP: 58/58 MP: 8/8
  5027 | D:4      | Found the +7 Singing Sword {vorpal, sonic wave}
  5134 | D:4      | Reached *** piety under Okawaru
  5140 | D:4      | Noticed Ijyb
  5150 | D:4      | Killed Ijyb
  5285 | D:4      | Paralysed by Edmund for 2 turns
  5288 | D:4      | Paralysed by Edmund for 4 turns
  5297 | D:4      | Paralysed by Edmund for 5 turns
  5300 | D:4      | Killed Edmund
  5637 | D:4      | Reached skill level 8 in Axes
  5641 | D:4      | Noticed Pikel
  5653 | D:4      | Killed Pikel
  5653 | D:4      | Reached **** piety under Okawaru
  5654 | D:4      | Reached skill level 1 in Stealth
  6132 | D:5      | Reached XP level 9. HP: 64/65 MP: 9/9
  6239 | D:6      | Reached skill level 9 in Axes
  6413 | D:6      | Identified the +7 quarterstaff of Ancient Evil {vorpal,
                  | SInv}
  6453 | D:6      | Noticed a two-headed ogre
  6488 | D:6      | HP: 2/65 [two-headed ogre/+0 dire flail (12)]
  6493 | D:6      | Mangled by a two-headed ogre

Illustrated notes

Levels and vault maps discovered:
D:1:      dpeg_arrival_brainrot, layout_basic, minmay_pentomino_u4
D:2:      layout_basic, basic_altar, shapermc_ecumenical_altar_petra,
          uniq_natasha
D:3:      layout_rooms, mainiacjoe_overflow_paths, minmay_door_square
D:4:      old_forge, layout_loops_corners, corexii_leaking_fountain, uniq_pikel,
          uniq_ijyb, uniq_edmund
D:5:      layout_basic, minmay_temple_entry_large_hall
D:6:      layout_loops_ring, nicolae_qazlal_eye_of_the_storm,
          nemelex_diamond_rough_becter, nicolae_gozag_zags_fifth_avenue

Skill      XL: |  1  2  3  4  5  6  7  8  9 |
---------------+----------------------------+-----
Throwing       | 2 |  2.4
Axes           | 3 4 5 6 7 8 9 |  9.1
Dodging        | 3 4 |  4.6
Armour         | 1 2 |  2.9
Fighting       | 3 4 |  4.1
Shields        | 1 2 |  2.0
Stealth        | 1 |  1.0

Action                   |  1- 3 |  4- 6 |  7- 9 || total
-------------------------+-------+-------+-------++-------
Melee: War axe           |   101 |   129 |   159 ||   389
       Punch             |     3 |       |     4 ||     7
Throw: Javelin           |       |     2 |     2 ||     4
       Throwing net      |       |     2 |     1 ||     3
       Boomerang         |       |     3 |     7 ||    10
Invok: Heroism           |       |       |     2 ||     2
       Finesse           |       |       |     1 ||     1
  Use: Scroll            |       |     4 |     1 ||     5
       Potion            |       |     1 |     5 ||     6
 Stab: Held in net/web   |       |     1 |       ||     1
       Distracted        |       |       |     1 ||     1
Armor: Leather armour    |    41 |    14 |    44 ||    99
       Skin              |       |       |     1 ||     1
Dodge: Dodged            |    98 |    65 |    89 ||   252
Block: Other             |    22 |    35 |    39 ||    96
